[ AOE2 MATCH · #507330350 ]
UnrankedPersians vs Vikings
[ REPLAY ANALYSIS · EXTRACTED FROM THE RECORDED GAME ]
Feudal
10:13
Castle
14:21
Imperial
29:59
| APM avg | 30.6 |
| APM peak | 72 |
| eAPM avg | 17.9 |
| Villagers / military | 146 / 169 |
Focus
⚔️ 17.2% · 🌾 82.8%
Knight ×105 · Archer ×42 · Scout Cavalry ×20 · Monk ×2
Feudal
11:22
Castle
14:54
Imperial
26:19
| APM avg | 27.1 |
| APM peak | 92 |
| eAPM avg | 21.0 |
| Villagers / military | 159 / 313 |
Focus
⚔️ 46.8% · 🌾 53.2%
Spearman ×199 · Skirmisher ×103 · Trebuchet (Packed) ×11
Feudal
11:23
Castle
16:15
Imperial
30:26
| APM avg | 21.0 |
| APM peak | 59 |
| eAPM avg | 9.5 |
| Villagers / military | 102 / 84 |
Focus
⚔️ 20.5% · 🌾 79.5%
Longbowman ×74 · Scout Cavalry ×7 · Trebuchet (Packed) ×2 · Spearman ×1
Feudal
11:20
Castle
14:50
Imperial
28:09
| APM avg | 90.4 |
| APM peak | 215 |
| eAPM avg | 61.5 |
| Villagers / military | 158 / 133 |
Focus
⚔️ 64.2% · 🌾 35.8%
Skirmisher ×55 · Spearman ×40 · Hand Cannoneer ×20 · Bombard Cannon ×17 · Monk ×1
Feudal
10:49
Castle
19:34
Imperial
30:15
| APM avg | 29.3 |
| APM peak | 60 |
| eAPM avg | 20.3 |
| Villagers / military | 128 / 46 |
Focus
⚔️ 18.5% · 🌾 81.5%
Knight ×29 · Scout Cavalry ×13 · Trebuchet (Packed) ×3 · Monk ×1
Feudal
11:58
Castle
16:42
Imperial
29:47
| APM avg | 21.7 |
| APM peak | 67 |
| eAPM avg | 11.8 |
| Villagers / military | 135 / 175 |
Focus
⚔️ 25.9% · 🌾 74.1%
Spearman ×151 · Cataphract ×11 · Trebuchet (Packed) ×8 · Mangonel ×5
Feudal
11:03
Castle
14:59
Imperial
32:28
| APM avg | 36.9 |
| APM peak | 69 |
| eAPM avg | 15.9 |
| Villagers / military | 94 / 55 |
Focus
⚔️ 28.0% · 🌾 72.0%
Militia ×31 · Scout Cavalry ×15 · Monk ×9
Feudal
11:01
Castle
14:40
Imperial
32:50
| APM avg | 16.1 |
| APM peak | 39 |
| eAPM avg | 13.0 |
| Villagers / military | 145 / 71 |
Focus
⚔️ 25.6% · 🌾 74.4%
Camel Scout ×27 · Mangudai ×23 · Mangonel ×11 · Monk ×4 · Scout Cavalry ×4 · Militia ×2
Match map
Initial resources + every placement click. Lines = walls · curves = elevation contours. ◆ gold · ⬟ stone · ● berries · ✦ relic · ◌ wall gap
Your base· ✓ Closed at 14:21 · 0t walls · 3 gate(s)
JM-POL's base· ✓ Closed at 14:54 · 0t walls · 3 gate(s)
mark_aoe_2024's base· ✓ Closed at 16:15 · 0t walls · 2 gate(s)
VIT | Hera's base· ✓ Closed at 14:50 · 14t walls · 3 gate(s)
Onkel Peter's base· ✓ Closed at 19:34 · 0t walls · 2 gate(s)
FAILEDFEMBOY's base· ✓ Closed at 16:42 · 0t walls · 3 gate(s)
Danabro's base· ✓ Closed at 14:59 · 0t walls · 3 gate(s)
GreenBeret's base· ✓ Closed at 14:40 · 0t walls · 2 gate(s)
Smoothed initial terrain · ◌ = detected wall gap · hover for details
Inputs per minute
— Unbreakable - - JM-POL
Build order — Unbreakable
First 150 of 369 actions detected
| 0:00 | Create | Villager (Male) |
| 0:01 | Create | Villager (Male) |
| 0:01 | Create | Villager (Male) |
| 0:02 | Build | House |
| 0:04 | Build | House |
| 0:37 | Create | Villager (Male) |
| 1:12 | Create | Villager (Male) |
| 1:23 | Create | Villager (Male) |
| 1:38 | Build | Lumber Camp |
| 1:58 | Create | Villager (Male) |
| 2:21 | Create | Villager (Male) |
| 2:42 | Create | Villager (Male) |
| 2:50 | Build | House |
| 3:22 | Create | Villager (Male) |
| 3:28 | Build | Mill |
| 4:11 | Create | Villager (Male) |
| 4:12 | Create | Villager (Male) |
| 4:17 | Create | Villager (Male) |
| 4:53 | Create | Villager (Male) |
| 5:11 | Create | Villager (Male) |
| 5:15 | Build | House |
| 5:27 | Create | Villager (Male) |
| 5:57 | Create | Villager (Male) |
| 6:15 | Build | Mill |
| 6:19 | Create | Villager (Male) |
| 6:42 | Build | Mining Camp |
| 7:00 | Create | Villager (Male) |
| 7:26 | Research | Loom |
| 7:50 | Research | Feudal Age |
| 7:53 | Create | Villager (Male) |
| 7:59 | Build | House |
| 8:38 | Create | Villager (Male) |
| 10:06 | Build | House |
| 10:13 | Age | Feudal Age |
| 10:15 | Build | Blacksmith |
| 10:45 | Create | Villager (Male) |
| 11:03 | Build | Market |
| 11:25 | Build | Farm |
| 11:33 | Create | Villager (Male) |
| 11:53 | Research | Castle Age |
| 12:03 | Build | Farm |
| 12:08 | Build | Farm |
| 12:21 | Create | Villager (Male) |
| 12:21 | Create | Villager (Male) |
| 12:32 | Build | Lumber Camp |
| 12:35 | Build | Farm |
| 12:52 | Build | Farm |
| 12:55 | Research | Horse Collar |
| 13:47 | Build | House |
| 13:48 | Build | House |
| 13:51 | Build | House |
| 13:57 | Build | House |
| 13:58 | Build | House |
| 14:04 | Create | Villager (Male) |
| 14:04 | Create | Villager (Male) |
| 14:21 | Age | Castle Age |
| 14:25 | Build | Town Center |
| 14:28 | Create | Villager (Male) |
| 14:32 | Research | Double-Bit Axe |
| 15:06 | Create | Villager (Male) |
| 15:30 | Build | Farm |
| 15:39 | Create | Villager (Male) |
| 15:39 | Create | Villager (Male) |
| 15:56 | Create | Villager (Male) |
| 16:10 | Build | Town Center |
| 16:13 | Build | Farm |
| 16:16 | Build | Farm |
| 16:19 | Build | Farm |
| 16:27 | Build | House |
| 16:36 | Build | Farm |
| 16:53 | Build | Farm |
| 17:06 | Build | House |
| 17:15 | Research | Bow Saw |
| 17:23 | Create | Villager (Male) |
| 17:37 | Create | Villager (Male) |
| 17:41 | Build | House |
| 17:43 | Build | House |
| 17:50 | Build | Farm |
| 17:52 | Create | Villager (Male) |
| 18:00 | Build | Farm |
| 18:04 | Build | Farm |
| 18:05 | Create | Villager (Male) |
| 18:17 | Create | Villager (Male) |
| 18:22 | Build | Farm |
| 18:29 | Create | Villager (Male) |
| 18:36 | Build | Farm |
| 18:40 | Create | Villager (Male) |
| 18:45 | Create | Villager (Male) |
| 18:50 | Build | Farm |
| 18:56 | Build | Farm |
| 19:00 | Build | House |
| 19:01 | Build | House |
| 19:04 | Create | Villager (Male) |
| 19:05 | Create | Villager (Male) |
| 19:12 | Create | Villager (Male) |
| 19:16 | Build | Farm |
| 19:24 | Create | Villager (Male) |
| 19:28 | Create | Villager (Male) |
| 19:33 | Build | Farm |
| 19:39 | Build | Barracks |
| 19:43 | Build | Farm |
| 19:47 | Build | Farm |
| 19:50 | Create | Villager (Male) |
| 19:52 | Create | Villager (Male) |
| 19:53 | Create | Villager (Male) |
| 19:57 | Build | Farm |
| 20:06 | Build | Farm |
| 20:08 | Build | Farm |
| 20:11 | Create | Villager (Male) |
| 20:12 | Create | Villager (Male) |
| 20:20 | Build | Farm |
| 20:22 | Create | Villager (Male) |
| 20:24 | Create | Villager (Male) |
| 20:26 | Build | Farm |
| 20:31 | Build | Farm |
| 20:48 | Research | Wheelbarrow |
| 20:52 | Build | Farm |
| 20:56 | Build | Farm |
| 21:12 | Research | Heavy Plow |
| 21:12 | Research | Heavy Plow |
| 21:20 | Create | Villager (Male) |
| 21:24 | Create | Villager (Male) |
| 21:25 | Create | Villager (Male) |
| 21:29 | Build | Farm |
| 21:48 | Build | Monastery |
| 22:00 | Create | Villager (Male) |
| 22:01 | Create | Villager (Male) |
| 22:01 | Create | Villager (Male) |
| 22:02 | Create | Villager (Male) |
| 22:02 | Create | Villager (Male) |
| 22:03 | Create | Villager (Male) |
| 22:11 | Build | Farm |
| 22:24 | Research | Hand Cart |
| 22:26 | Create | Villager (Male) |
| 22:42 | Build | Lumber Camp |
| 22:54 | Create | Villager (Male) |
| 22:55 | Create | Villager (Male) |
| 22:55 | Create | Villager (Male) |
| 22:58 | Build | Farm |
| 23:00 | Build | Farm |
| 23:03 | Build | Farm |
| 23:17 | Create | Villager (Male) |
| 23:18 | Create | Villager (Male) |
| 23:20 | Create | Villager (Male) |
| 23:29 | Build | Farm |
| 23:42 | Create | Villager (Male) |
| 23:43 | Create | Villager (Male) |
| 23:44 | Create | Villager (Male) |
| 23:48 | Build | Farm |
| 23:56 | Build | Farm |
Build order — JM-POL
First 150 of 642 actions detected
| 0:00 | Create | Villager (Male) |
| 0:01 | Create | Villager (Male) |
| 0:01 | Create | Villager (Male) |
| 0:01 | Create | Villager (Male) |
| 0:03 | Build | House |
| 0:05 | Build | House |
| 1:26 | Create | Villager (Male) |
| 1:26 | Create | Villager (Male) |
| 1:47 | Build | Lumber Camp |
| 1:59 | Create | Villager (Male) |
| 2:00 | Create | Villager (Male) |
| 2:14 | Create | Villager (Male) |
| 2:38 | Create | Villager (Male) |
| 3:22 | Create | Villager (Male) |
| 3:39 | Create | Villager (Male) |
| 3:51 | Build | House |
| 3:58 | Create | Villager (Male) |
| 4:06 | Create | Villager (Male) |
| 4:16 | Build | Mill |
| 4:23 | Build | Mill |
| 4:28 | Create | Villager (Male) |
| 5:02 | Create | Villager (Male) |
| 5:06 | Build | House |
| 5:31 | Build | Mill |
| 5:40 | Build | House |
| 5:44 | Create | Villager (Male) |
| 5:52 | Create | Villager (Male) |
| 6:17 | Build | Farm |
| 6:29 | Create | Villager (Male) |
| 6:39 | Create | Villager (Male) |
| 6:48 | Create | Villager (Male) |
| 6:51 | Create | Villager (Male) |
| 7:22 | Build | Lumber Camp |
| 7:36 | Create | Villager (Male) |
| 8:22 | Create | Villager (Male) |
| 8:47 | Build | Farm |
| 8:50 | Build | Farm |
| 8:59 | Research | Feudal Age |
| 9:02 | Build | Mining Camp |
| 9:45 | Create | Villager (Male) |
| 9:46 | Create | Villager (Male) |
| 11:22 | Age | Feudal Age |
| 11:24 | Build | Market |
| 11:27 | Build | Blacksmith |
| 11:29 | Build | House |
| 11:30 | Build | House |
| 12:14 | Research | Castle Age |
| 12:28 | Research | Horse Collar |
| 12:56 | Build | Farm |
| 12:59 | Build | Farm |
| 13:04 | Build | Farm |
| 13:08 | Build | Farm |
| 13:20 | Build | Farm |
| 13:23 | Research | Double-Bit Axe |
| 13:51 | Create | Villager (Male) |
| 14:54 | Age | Castle Age |
| 14:55 | Create | Villager (Male) |
| 14:57 | Build | Town Center |
| 15:00 | Build | Town Center |
| 15:17 | Build | Farm |
| 15:35 | Create | Villager (Male) |
| 15:37 | Research | Bow Saw |
| 15:38 | Research | Bow Saw |
| 16:02 | Create | Villager (Male) |
| 16:19 | Research | Heavy Plow |
| 16:21 | Create | Villager (Male) |
| 16:29 | Create | Villager (Male) |
| 16:29 | Create | Villager (Male) |
| 16:30 | Create | Villager (Male) |
| 16:31 | Create | Villager (Male) |
| 16:31 | Create | Villager (Male) |
| 16:35 | Create | Villager (Male) |
| 16:35 | Create | Villager (Male) |
| 16:40 | Build | Farm |
| 16:43 | Build | Farm |
| 16:49 | Create | Villager (Male) |
| 16:49 | Create | Villager (Male) |
| 16:55 | Build | Farm |
| 16:56 | Create | Villager (Male) |
| 16:57 | Create | Villager (Male) |
| 17:06 | Build | House |
| 17:07 | Create | Villager (Male) |
| 17:11 | Build | Farm |
| 17:14 | Build | Farm |
| 17:23 | Create | Villager (Male) |
| 17:26 | Build | House |
| 17:35 | Build | Farm |
| 17:35 | Create | Villager (Male) |
| 17:35 | Create | Villager (Male) |
| 17:40 | Create | Villager (Male) |
| 17:41 | Create | Villager (Male) |
| 18:00 | Build | Farm |
| 18:01 | Build | Farm |
| 18:04 | Create | Villager (Male) |
| 18:05 | Create | Villager (Male) |
| 18:09 | Build | Farm |
| 18:16 | Build | Farm |
| 18:16 | Create | Villager (Male) |
| 18:19 | Build | Farm |
| 18:28 | Build | Farm |
| 18:29 | Create | Villager (Male) |
| 18:29 | Create | Villager (Male) |
| 18:32 | Build | Farm |
| 18:35 | Build | Farm |
| 18:38 | Build | Farm |
| 18:39 | Create | Villager (Male) |
| 18:44 | Build | Farm |
| 18:50 | Create | Villager (Male) |
| 18:51 | Create | Villager (Male) |
| 18:55 | Build | House |
| 19:01 | Build | Farm |
| 19:04 | Build | Farm |
| 19:07 | Build | Farm |
| 19:08 | Create | Villager (Male) |
| 19:08 | Create | Villager (Male) |
| 19:24 | Create | Villager (Male) |
| 19:25 | Create | Villager (Male) |
| 19:29 | Build | Farm |
| 19:31 | Build | Farm |
| 19:37 | Build | Farm |
| 19:38 | Create | Villager (Male) |
| 19:44 | Build | Farm |
| 19:47 | Build | Farm |
| 19:49 | Create | Villager (Male) |
| 19:50 | Create | Villager (Male) |
| 19:50 | Create | Villager (Male) |
| 19:57 | Build | Farm |
| 20:01 | Build | Farm |
| 20:04 | Build | Farm |
| 20:05 | Create | Villager (Male) |
| 20:06 | Create | Villager (Male) |
| 20:14 | Create | Villager (Male) |
| 20:19 | Build | House |
| 20:21 | Create | Villager (Male) |
| 20:22 | Create | Villager (Male) |
| 20:24 | Research | Gold Mining |
| 20:30 | Build | Mining Camp |
| 20:31 | Create | Villager (Male) |
| 20:36 | Build | Mining Camp |
| 20:37 | Create | Villager (Male) |
| 20:42 | Build | House |
| 20:54 | Build | Farm |
| 21:01 | Create | Villager (Male) |
| 21:06 | Create | Villager (Male) |
| 21:06 | Create | Villager (Male) |
| 21:08 | Build | House |
| 21:10 | Research | Gold Shaft Mining |
| 21:12 | Research | Stone Mining |
| 21:13 | Create | Villager (Male) |
| 21:27 | Create | Villager (Male) |
Build order — mark_aoe_2024
First 150 of 208 actions detected
| 0:01 | Create | Villager (Male) |
| 0:02 | Create | Villager (Male) |
| 0:03 | Build | House |
| 0:05 | Build | House |
| 1:17 | Create | Villager (Male) ×2 |
| 1:50 | Create | Villager (Male) |
| 1:51 | Create | Villager (Male) |
| 2:21 | Create | Villager (Male) |
| 2:38 | Create | Villager (Male) |
| 3:12 | Build | Lumber Camp |
| 3:34 | Create | Villager (Male) |
| 3:34 | Create | Villager (Male) |
| 3:35 | Create | Villager (Male) |
| 4:16 | Build | House |
| 4:17 | Build | House |
| 4:54 | Create | Villager (Male) |
| 5:15 | Create | Villager (Male) |
| 5:37 | Create | Villager (Male) |
| 5:37 | Create | Villager (Male) |
| 6:05 | Build | Mill |
| 6:30 | Create | Villager (Male) |
| 6:30 | Create | Villager (Male) |
| 6:40 | Build | Mill |
| 6:49 | Create | Villager (Male) |
| 7:47 | Create | Villager (Male) |
| 8:08 | Create | Villager (Male) |
| 8:34 | Create | Villager (Male) |
| 8:55 | Build | Mining Camp |
| 9:07 | Research | Feudal Age |
| 9:28 | Build | House |
| 9:30 | Build | Barracks |
| 10:03 | Build | Farm |
| 10:05 | Build | Farm |
| 10:08 | Build | Farm |
| 10:10 | Build | Farm |
| 11:19 | Create | Villager (Male) |
| 11:20 | Create | Villager (Male) |
| 11:20 | Create | Villager (Male) |
| 11:23 | Age | Feudal Age |
| 11:43 | Build | Archery Range |
| 12:26 | Build | Blacksmith |
| 12:31 | Create | Villager (Male) |
| 13:03 | Research | Double-Bit Axe |
| 13:10 | Create | Villager (Male) |
| 13:20 | Build | Mining Camp |
| 13:25 | Research | Castle Age |
| 13:48 | Research | Horse Collar |
| 13:52 | Build | Farm |
| 14:02 | Build | Farm |
| 14:18 | Build | Farm |
| 15:29 | Create | Villager (Male) |
| 15:30 | Create | Villager (Male) |
| 15:30 | Create | Villager (Male) |
| 15:38 | Research | Stone Mining |
| 15:41 | Research | Gold Mining |
| 15:51 | Build | Farm |
| 16:15 | Age | Castle Age |
| 16:39 | Build | Farm |
| 16:42 | Build | Farm |
| 16:53 | Build | Town Center |
| 16:58 | Build | Town Center |
| 17:17 | Create | Villager (Male) |
| 17:22 | Research | Bow Saw |
| 17:27 | Build | Farm |
| 17:29 | Build | Farm |
| 17:33 | Create | Villager (Male) |
| 17:34 | Create | Villager (Male) |
| 17:44 | Build | House |
| 17:45 | Build | House |
| 17:49 | Build | House |
| 17:51 | Build | House |
| 17:56 | Build | Farm |
| 18:22 | Build | Farm |
| 18:24 | Build | Farm |
| 18:25 | Build | Farm |
| 18:26 | Build | Farm |
| 18:29 | Build | Farm |
| 18:35 | Create | Villager (Male) ×4 |
| 18:45 | Build | Farm |
| 18:51 | Create | Villager (Male) |
| 19:27 | Create | Villager (Male) ×4 |
| 19:28 | Research | Loom |
| 19:41 | Build | Farm |
| 19:43 | Build | Farm |
| 19:49 | Build | House |
| 20:01 | Build | Stable |
| 20:06 | Create | Villager (Male) ×5 |
| 20:16 | Build | Farm |
| 20:34 | Research | Wheelbarrow |
| 20:46 | Build | Farm |
| 20:50 | Build | Farm |
| 20:54 | Create | Villager (Male) ×2 |
| 20:59 | Build | House |
| 21:00 | Build | House |
| 21:11 | Create | Villager (Male) |
| 21:12 | Create | Villager (Male) |
| 21:34 | Create | Villager (Male) |
| 21:35 | Create | Villager (Male) |
| 21:40 | Research | Heavy Plow |
| 21:48 | Create | Villager (Male) |
| 22:15 | Build | Farm |
| 22:21 | Create | Villager (Male) ×5 |
| 22:27 | Build | House |
| 22:28 | Build | House |
| 22:30 | Build | House |
| 22:31 | Build | House |
| 22:32 | Build | House |
| 22:43 | Create | Spearman |
| 22:52 | Create | Villager (Male) |
| 22:53 | Create | Villager (Male) |
| 22:54 | Create | Villager (Male) |
| 22:59 | Build | Farm |
| 23:03 | Build | Farm |
| 23:23 | Build | Castle |
| 23:30 | Create | Villager (Male) |
| 23:31 | Create | Villager (Male) |
| 23:32 | Create | Villager (Male) |
| 23:34 | Research | Hand Cart |
| 23:56 | Create | Villager (Male) |
| 23:57 | Create | Villager (Male) |
| 24:08 | Build | Mining Camp |
| 24:13 | Research | Gold Shaft Mining |
| 24:15 | Create | Villager (Male) |
| 24:16 | Create | Villager (Male) |
| 24:35 | Create | Villager (Male) |
| 24:36 | Create | Villager (Male) |
| 24:49 | Build | House |
| 24:50 | Build | House |
| 24:51 | Build | House |
| 24:54 | Create | Villager (Male) |
| 24:55 | Create | Villager (Male) |
| 25:02 | Build | Mining Camp |
| 25:33 | Create | Villager (Male) |
| 25:33 | Create | Villager (Male) |
| 25:34 | Create | Villager (Male) |
| 25:37 | Build | House |
| 25:38 | Build | House |
| 25:51 | Build | Mining Camp |
| 25:55 | Create | Villager (Male) ×5 |
| 26:02 | Build | Farm |
| 26:06 | Build | Farm |
| 26:10 | Build | Farm |
| 26:13 | Build | Farm |
| 26:18 | Build | Farm |
| 26:21 | Build | Farm |
| 26:25 | Build | Farm |
| 26:33 | Create | Villager (Male) |
| 26:51 | Create | Villager (Male) |
| 26:52 | Create | Villager (Male) |
| 26:59 | Create | Villager (Male) |
Build order — VIT | Hera
First 150 of 366 actions detected
| 0:00 | Create | Villager (Male) |
| 0:00 | Create | Villager (Male) |
| 0:01 | Build | House |
| 0:02 | Build | House |
| 0:15 | Create | Villager (Male) |
| 0:15 | Create | Villager (Male) |
| 1:30 | Create | Villager (Male) |
| 1:54 | Build | Lumber Camp |
| 1:56 | Create | Villager (Male) |
| 2:12 | Create | Villager (Male) |
| 2:43 | Create | Villager (Male) |
| 3:01 | Create | Villager (Male) |
| 3:25 | Build | Palisade Gate |
| 3:28 | Build | Palisade Wall |
| 3:38 | Create | Villager (Male) |
| 3:38 | Create | Villager (Male) |
| 3:53 | Build | House |
| 4:02 | Create | Villager (Male) |
| 4:02 | Create | Villager (Male) |
| 4:23 | Build | Palisade Wall |
| 4:32 | Build | Palisade Wall |
| 4:34 | Build | Palisade Wall |
| 4:35 | Build | Palisade Wall |
| 4:43 | Build | Palisade Wall |
| 4:46 | Build | Palisade Wall |
| 4:46 | Build | Palisade Wall |
| 4:47 | Build | Palisade Wall |
| 4:55 | Create | Villager (Male) |
| 4:57 | Create | Villager (Male) |
| 4:58 | Create | Villager (Male) |
| 5:33 | Build | Mill |
| 5:38 | Build | House |
| 6:05 | Create | Villager (Male) |
| 6:11 | Build | House |
| 6:12 | Build | House |
| 6:37 | Create | Villager (Male) |
| 6:37 | Create | Villager (Male) |
| 6:37 | Create | Villager (Male) |
| 6:37 | Create | Villager (Male) |
| 7:19 | Create | Villager (Male) |
| 7:19 | Create | Villager (Male) |
| 7:19 | Create | Villager (Male) |
| 8:57 | Build | Mining Camp |
| 9:07 | Research | Feudal Age |
| 9:39 | Build | Farm |
| 9:43 | Build | Farm |
| 10:27 | Create | Villager (Male) |
| 11:16 | Build | Farm |
| 11:20 | Age | Feudal Age |
| 11:22 | Build | Market |
| 11:24 | Build | Blacksmith |
| 11:31 | Research | Double-Bit Axe |
| 11:43 | Create | Villager (Male) |
| 12:10 | Research | Castle Age |
| 12:35 | Research | Double-Bit Axe |
| 12:59 | Research | Horse Collar |
| 13:04 | Build | Farm |
| 13:05 | Build | Farm |
| 13:07 | Build | Farm |
| 13:08 | Build | Farm |
| 14:17 | Create | Villager (Male) |
| 14:48 | Create | Villager (Male) |
| 14:50 | Age | Castle Age |
| 14:51 | Build | Town Center |
| 14:52 | Create | Villager (Male) |
| 14:54 | Build | Town Center |
| 15:07 | Create | Villager (Male) |
| 15:20 | Create | Villager (Male) |
| 15:22 | Build | Farm |
| 15:24 | Build | Farm |
| 15:26 | Research | Bow Saw |
| 15:45 | Build | Farm |
| 15:46 | Build | Farm |
| 15:48 | Build | Farm |
| 15:48 | Build | Farm |
| 15:52 | Build | Farm |
| 15:58 | Create | Villager (Male) |
| 16:00 | Create | Villager (Male) |
| 16:05 | Create | Villager (Male) |
| 16:08 | Build | Farm |
| 16:10 | Create | Villager (Male) |
| 16:11 | Build | Farm |
| 16:17 | Create | Villager (Male) |
| 16:23 | Build | Farm |
| 16:27 | Build | Farm |
| 16:29 | Build | Farm |
| 16:33 | Build | Farm |
| 16:36 | Create | Villager (Male) ×3 |
| 16:43 | Build | Farm |
| 16:44 | Create | Villager (Male) |
| 16:44 | Create | Villager (Male) |
| 17:01 | Create | Villager (Male) |
| 17:08 | Build | Farm |
| 17:10 | Create | Villager (Male) |
| 17:11 | Create | Villager (Male) |
| 17:15 | Build | House |
| 17:16 | Build | House |
| 17:16 | Build | House |
| 17:20 | Create | Villager (Male) |
| 17:21 | Build | Farm |
| 17:23 | Build | Farm |
| 17:31 | Build | Farm |
| 17:35 | Create | Villager (Male) |
| 17:36 | Create | Villager (Male) |
| 17:36 | Create | Villager (Male) |
| 17:41 | Build | House |
| 17:45 | Create | Villager (Male) |
| 17:45 | Create | Villager (Male) |
| 17:50 | Build | Farm |
| 17:53 | Build | Farm |
| 18:01 | Create | Villager (Male) |
| 18:02 | Create | Villager (Male) |
| 18:06 | Build | Farm |
| 18:11 | Create | Villager (Male) |
| 18:19 | Build | House |
| 18:22 | Build | Farm |
| 18:30 | Build | Farm |
| 18:31 | Create | Villager (Male) ×3 |
| 18:31 | Create | Villager (Male) ×3 |
| 18:39 | Create | Villager (Male) |
| 18:40 | Create | Villager (Male) |
| 18:48 | Build | Town Center |
| 18:52 | Create | Villager (Male) |
| 18:52 | Create | Villager (Male) |
| 18:57 | Create | Villager (Male) |
| 18:57 | Create | Villager (Male) |
| 19:00 | Build | Farm |
| 19:04 | Build | House |
| 19:04 | Build | House |
| 19:05 | Build | House |
| 19:09 | Build | House |
| 19:10 | Create | Villager (Male) |
| 19:26 | Build | Farm |
| 19:30 | Create | Villager (Male) |
| 19:30 | Create | Villager (Male) |
| 19:31 | Build | Farm |
| 19:35 | Build | Farm |
| 19:40 | Build | Farm |
| 19:41 | Create | Villager (Male) |
| 19:42 | Create | Villager (Male) |
| 19:42 | Create | Villager (Male) ×4 |
| 19:47 | Create | Villager (Male) |
| 19:47 | Create | Villager (Male) |
| 19:54 | Research | Wheelbarrow |
| 19:58 | Create | Villager (Male) |
| 19:59 | Create | Villager (Male) |
| 20:01 | Create | Villager (Male) |
| 20:04 | Create | Villager (Male) |
| 20:09 | Create | Villager (Male) |
| 20:10 | Build | Farm |
Build order — Onkel Peter
First 150 of 307 actions detected
| 0:03 | Build | House |
| 0:05 | Build | House |
| 0:07 | Create | Villager (Male) |
| 0:08 | Create | Villager (Male) |
| 0:08 | Create | Villager (Male) |
| 0:27 | Create | Villager (Male) |
| 1:41 | Create | Villager (Male) |
| 1:58 | Create | Villager (Male) |
| 2:20 | Build | Lumber Camp |
| 2:25 | Create | Villager (Male) |
| 3:20 | Create | Villager (Male) |
| 3:20 | Create | Villager (Male) |
| 3:38 | Build | House |
| 3:55 | Create | Villager (Male) |
| 4:20 | Create | Villager (Male) |
| 4:31 | Build | Mill |
| 4:40 | Create | Villager (Male) |
| 5:20 | Create | Villager (Male) |
| 5:22 | Create | Villager (Male) |
| 5:24 | Create | Villager (Male) |
| 5:38 | Create | Villager (Male) |
| 5:40 | Create | Villager (Male) |
| 5:58 | Create | Villager (Male) |
| 6:20 | Create | Villager (Male) |
| 6:26 | Build | House |
| 6:26 | Build | House |
| 6:45 | Create | Villager (Male) |
| 7:10 | Create | Villager (Male) |
| 7:23 | Build | House |
| 8:14 | Create | Villager (Male) |
| 8:35 | Research | Feudal Age |
| 8:45 | Build | Mill |
| 9:42 | Build | Mining Camp |
| 9:45 | Build | House |
| 9:56 | Create | Villager (Male) |
| 9:57 | Create | Villager (Male) |
| 9:58 | Create | Villager (Male) |
| 9:59 | Create | Villager (Male) |
| 10:00 | Create | Villager (Male) |
| 10:01 | Create | Villager (Male) |
| 10:02 | Create | Villager (Male) |
| 10:03 | Create | Villager (Male) |
| 10:04 | Create | Villager (Male) |
| 10:05 | Create | Villager (Male) |
| 10:06 | Create | Villager (Male) |
| 10:07 | Create | Villager (Male) |
| 10:09 | Create | Villager (Male) |
| 10:10 | Create | Villager (Male) |
| 10:38 | Build | Barracks |
| 10:49 | Age | Feudal Age |
| 10:54 | Research | Double-Bit Axe |
| 10:55 | Research | Horse Collar |
| 10:58 | Create | Villager (Male) |
| 10:59 | Create | Villager (Male) |
| 11:01 | Create | Villager (Male) |
| 11:15 | Build | Farm |
| 11:23 | Build | Farm |
| 11:26 | Create | Villager (Male) |
| 11:30 | Create | Villager (Male) |
| 11:32 | Create | Villager (Male) |
| 11:56 | Build | Farm |
| 12:01 | Create | Villager (Male) |
| 12:23 | Build | Market |
| 12:30 | Create | Villager (Male) |
| 12:51 | Build | Farm |
| 13:00 | Create | Villager (Male) |
| 13:12 | Build | Blacksmith |
| 13:15 | Build | House |
| 13:21 | Build | Farm |
| 13:24 | Create | Villager (Male) |
| 13:48 | Create | Villager (Male) |
| 14:07 | Create | Villager (Male) |
| 14:15 | Build | Farm |
| 14:19 | Create | Villager (Male) |
| 14:20 | Create | Villager (Male) |
| 14:30 | Build | Farm |
| 14:42 | Build | Mill |
| 14:58 | Build | Farm |
| 15:00 | Create | Villager (Male) |
| 15:02 | Create | Villager (Male) |
| 15:35 | Build | Stable |
| 15:39 | Research | Wheelbarrow |
| 15:48 | Build | Farm |
| 15:58 | Build | Farm |
| 15:59 | Build | Farm |
| 16:21 | Build | Farm |
| 16:32 | Research | Castle Age |
| 16:51 | Build | House |
| 16:53 | Build | House |
| 16:53 | Build | House |
| 16:58 | Build | Farm |
| 17:18 | Build | Farm |
| 17:21 | Build | Farm |
| 18:05 | Build | Farm |
| 18:06 | Build | Farm |
| 18:35 | Create | Villager (Male) |
| 18:36 | Create | Villager (Male) |
| 19:34 | Age | Castle Age |
| 19:34 | Research | Bow Saw |
| 19:36 | Research | Heavy Plow |
| 19:36 | Research | Heavy Plow |
| 19:39 | Create | Knight |
| 19:41 | Research | Gold Mining |
| 19:50 | Create | Villager (Male) |
| 20:07 | Create | Villager (Male) |
| 20:27 | Build | Town Center |
| 20:48 | Create | Villager (Male) |
| 20:52 | Create | Villager (Male) |
| 20:53 | Create | Villager (Male) |
| 20:53 | Create | Villager (Male) |
| 20:54 | Create | Villager (Male) |
| 20:54 | Create | Villager (Male) |
| 21:29 | Create | Villager (Male) |
| 21:29 | Create | Villager (Male) |
| 21:30 | Create | Villager (Male) |
| 21:30 | Create | Villager (Male) |
| 21:30 | Create | Villager (Male) |
| 21:51 | Build | Stable |
| 22:01 | Build | Monastery |
| 22:10 | Create | Villager (Male) |
| 22:10 | Create | Villager (Male) |
| 22:14 | Build | Farm |
| 22:30 | Build | Town Center |
| 22:42 | Create | Villager (Male) |
| 22:42 | Create | Villager (Male) |
| 22:46 | Create | Knight |
| 22:46 | Create | Knight |
| 22:50 | Create | Villager (Male) |
| 22:50 | Create | Villager (Male) |
| 23:09 | Create | Villager (Male) |
| 23:09 | Create | Villager (Male) |
| 23:09 | Create | Villager (Male) |
| 23:37 | Build | Mining Camp |
| 23:48 | Build | Mining Camp |
| 23:54 | Create | Knight |
| 24:03 | Create | Villager (Male) |
| 24:04 | Create | Villager (Male) |
| 24:07 | Create | Villager (Male) |
| 24:08 | Create | Villager (Male) |
| 24:10 | Create | Villager (Male) |
| 24:20 | Build | Farm |
| 24:22 | Build | Farm |
| 24:29 | Build | University |
| 24:42 | Build | Farm |
| 24:59 | Build | Farm |
| 25:01 | Create | Villager (Male) |
| 25:01 | Create | Villager (Male) |
| 25:08 | Create | Villager (Male) |
| 25:08 | Create | Villager (Male) |
| 25:09 | Create | Villager (Male) |
Build order — FAILEDFEMBOY
First 150 of 286 actions detected
| 0:07 | Create | Villager (Male) |
| 0:07 | Create | Villager (Male) |
| 0:07 | Create | Villager (Male) |
| 0:07 | Create | Villager (Male) |
| 0:08 | Create | Villager (Male) |
| 0:08 | Create | Villager (Male) |
| 0:09 | Build | House |
| 0:11 | Build | House |
| 1:52 | Create | Villager (Male) |
| 1:52 | Create | Villager (Male) |
| 1:57 | Build | Lumber Camp |
| 2:23 | Create | Villager (Male) |
| 2:23 | Create | Villager (Male) |
| 2:50 | Create | Villager (Male) |
| 2:50 | Create | Villager (Male) |
| 3:10 | Create | Villager (Male) |
| 3:10 | Create | Villager (Male) |
| 3:10 | Create | Villager (Male) |
| 3:38 | Create | Villager (Male) |
| 3:38 | Create | Villager (Male) |
| 3:38 | Create | Villager (Male) |
| 3:44 | Build | House |
| 3:48 | Build | House |
| 4:23 | Create | Villager (Male) |
| 4:23 | Create | Villager (Male) |
| 4:23 | Create | Villager (Male) |
| 4:35 | Build | House |
| 4:38 | Create | Villager (Male) |
| 4:39 | Create | Villager (Male) |
| 5:03 | Create | Villager (Male) |
| 5:03 | Create | Villager (Male) |
| 5:25 | Create | Villager (Male) |
| 5:25 | Create | Villager (Male) |
| 5:28 | Build | Mill |
| 5:41 | Create | Villager (Male) |
| 6:15 | Create | Villager (Male) |
| 6:15 | Create | Villager (Male) |
| 6:53 | Create | Villager (Male) |
| 7:16 | Create | Villager (Male) |
| 7:17 | Create | Villager (Male) |
| 7:23 | Create | Villager (Male) |
| 7:23 | Create | Villager (Male) |
| 7:44 | Create | Villager (Male) |
| 7:44 | Create | Villager (Male) |
| 7:44 | Create | Villager (Male) |
| 7:44 | Create | Villager (Male) |
| 8:12 | Create | Villager (Male) |
| 9:30 | Build | Mill |
| 9:33 | Research | Feudal Age |
| 9:38 | Build | Mining Camp |
| 10:57 | Create | Villager (Male) |
| 10:58 | Create | Villager (Male) |
| 10:58 | Create | Villager (Male) |
| 11:02 | Research | Loom |
| 11:58 | Age | Feudal Age |
| 12:05 | Build | Market |
| 12:10 | Build | Farm |
| 12:10 | Build | Farm |
| 12:10 | Build | Farm |
| 12:10 | Build | Farm |
| 12:11 | Build | Farm |
| 12:12 | Build | Farm |
| 12:13 | Build | Farm |
| 12:50 | Build | Blacksmith |
| 13:25 | Build | Mining Camp |
| 14:02 | Research | Castle Age |
| 15:10 | Research | Horse Collar |
| 15:12 | Research | Double-Bit Axe |
| 16:13 | Research | Wheelbarrow |
| 16:42 | Age | Castle Age |
| 16:46 | Build | Siege Workshop |
| 16:58 | Build | Town Center |
| 17:04 | Create | Villager (Male) |
| 17:59 | Create | Mangonel |
| 18:00 | Create | Mangonel |
| 18:23 | Build | House |
| 18:35 | Build | Outpost |
| 18:41 | Create | Villager (Male) |
| 18:41 | Create | Villager (Male) |
| 18:41 | Create | Villager (Male) |
| 18:42 | Create | Villager (Male) |
| 18:42 | Create | Villager (Male) |
| 18:42 | Create | Villager (Male) |
| 19:25 | Create | Mangonel |
| 19:25 | Create | Mangonel |
| 19:31 | Create | Villager (Male) |
| 19:31 | Create | Villager (Male) |
| 19:31 | Create | Villager (Male) |
| 19:31 | Create | Villager (Male) |
| 19:43 | Build | House |
| 20:11 | Create | Mangonel |
| 20:29 | Build | Castle |
| 20:37 | Create | Villager (Male) |
| 20:38 | Create | Villager (Male) |
| 20:38 | Create | Villager (Male) |
| 20:54 | Build | House |
| 21:00 | Build | Outpost |
| 21:09 | Create | Villager (Male) |
| 21:09 | Create | Villager (Male) |
| 21:09 | Create | Villager (Male) |
| 21:32 | Create | Villager (Male) |
| 21:32 | Create | Villager (Male) |
| 21:33 | Create | Villager (Male) |
| 21:38 | Build | Farm |
| 21:38 | Build | Farm |
| 21:38 | Build | Farm |
| 21:39 | Build | Farm |
| 21:39 | Build | Farm |
| 21:39 | Build | Farm |
| 21:39 | Build | Farm |
| 21:40 | Build | Farm |
| 21:45 | Build | House |
| 21:56 | Build | Outpost |
| 22:06 | Create | Villager (Male) |
| 22:07 | Create | Villager (Male) |
| 22:18 | Create | Villager (Male) |
| 22:25 | Build | Farm |
| 22:30 | Build | Farm |
| 22:32 | Build | Farm |
| 22:36 | Build | Farm |
| 22:52 | Build | Outpost |
| 23:23 | Build | Farm |
| 24:00 | Create | Cataphract |
| 24:00 | Create | Cataphract |
| 24:00 | Create | Cataphract |
| 24:18 | Build | Outpost |
| 25:28 | Build | Outpost |
| 26:38 | Research | Imperial Age |
| 26:41 | Create | Villager (Male) |
| 26:41 | Create | Villager (Male) |
| 26:41 | Create | Villager (Male) |
| 26:42 | Create | Villager (Male) |
| 26:47 | Build | Mining Camp |
| 26:51 | Build | Barracks |
| 27:09 | Build | Outpost |
| 27:43 | Research | Pikeman (upgrade) |
| 27:44 | Research | Squires |
| 27:46 | Research | Arson |
| 27:47 | Create | Cataphract |
| 27:48 | Create | Cataphract |
| 27:48 | Create | Cataphract |
| 27:48 | Create | Cataphract |
| 27:57 | Build | Barracks |
| 28:02 | Build | Stable |
| 28:33 | Build | Outpost |
| 28:40 | Create | Spearman |
| 28:40 | Create | Spearman |
| 28:40 | Create | Spearman |
| 28:40 | Create | Spearman |
| 28:40 | Create | Spearman |
Build order — Danabro
First 150 of 259 actions detected
| 0:00 | Create | Villager (Male) |
| 0:01 | Create | Villager (Male) |
| 0:02 | Build | House |
| 0:03 | Build | House |
| 0:32 | Create | Villager (Male) |
| 0:32 | Create | Villager (Male) |
| 0:32 | Create | Villager (Male) |
| 1:32 | Create | Villager (Male) |
| 1:32 | Create | Villager (Male) |
| 1:47 | Build | Lumber Camp |
| 1:58 | Create | Villager (Male) |
| 1:58 | Create | Villager (Male) |
| 2:20 | Create | Villager (Male) |
| 2:51 | Create | Villager (Male) |
| 2:52 | Create | Villager (Male) |
| 3:03 | Create | Villager (Male) |
| 3:42 | Create | Villager (Male) |
| 3:49 | Build | House |
| 3:50 | Build | House |
| 4:02 | Create | Villager (Male) |
| 4:02 | Create | Villager (Male) |
| 4:28 | Build | Mill |
| 4:39 | Create | Villager (Male) |
| 4:40 | Create | Villager (Male) |
| 4:40 | Create | Villager (Male) |
| 5:24 | Create | Villager (Male) |
| 5:48 | Create | Villager (Male) |
| 5:54 | Create | Villager (Male) |
| 6:12 | Create | Villager (Male) |
| 6:12 | Research | Loom |
| 6:20 | Build | House |
| 6:27 | Create | Villager (Male) |
| 6:32 | Build | Farm |
| 6:35 | Build | Farm |
| 6:46 | Create | Villager (Male) |
| 6:56 | Create | Villager (Male) |
| 7:04 | Create | Villager (Male) |
| 7:15 | Create | Villager (Male) |
| 8:05 | Build | Mill |
| 8:31 | Create | Villager (Male) |
| 8:31 | Research | Feudal Age |
| 8:55 | Build | Mining Camp |
| 9:04 | Build | House |
| 10:29 | Build | Barracks |
| 10:44 | Create | Villager (Male) |
| 10:45 | Create | Villager (Male) |
| 11:03 | Age | Feudal Age |
| 11:08 | Build | Market |
| 11:34 | Build | Stable |
| 12:19 | Research | Castle Age |
| 12:34 | Build | Farm |
| 12:34 | Build | Farm |
| 12:51 | Build | Farm |
| 12:53 | Build | Farm |
| 13:17 | Create | Scout Cavalry |
| 13:37 | Build | Farm |
| 13:42 | Build | Farm |
| 13:47 | Research | Double-Bit Axe |
| 13:58 | Create | Scout Cavalry |
| 14:10 | Create | Villager (Male) |
| 14:23 | Create | Scout Cavalry |
| 14:59 | Age | Castle Age |
| 15:25 | Research | Light Cavalry (upgrade) |
| 15:37 | Build | Monastery |
| 15:55 | Create | Villager (Male) |
| 16:30 | Create | Monk |
| 16:33 | Create | Villager (Male) |
| 16:33 | Create | Villager (Male) |
| 17:05 | Create | Scout Cavalry |
| 17:11 | Create | Villager (Male) |
| 17:15 | Build | House |
| 17:16 | Build | House |
| 17:17 | Build | House |
| 17:27 | Create | Monk |
| 17:33 | Create | Villager (Male) |
| 17:36 | Create | Scout Cavalry |
| 17:55 | Build | Town Center |
| 18:01 | Build | Farm |
| 18:02 | Build | Farm |
| 18:02 | Build | Farm |
| 18:02 | Build | Farm |
| 18:08 | Research | Horse Collar |
| 18:10 | Create | Villager (Male) |
| 18:54 | Create | Scout Cavalry |
| 19:21 | Create | Villager (Male) |
| 19:21 | Create | Villager (Male) |
| 19:22 | Create | Scout Cavalry |
| 19:29 | Build | House |
| 19:33 | Build | Blacksmith |
| 19:37 | Create | Monk |
| 19:52 | Research | Bloodlines |
| 20:14 | Create | Scout Cavalry |
| 20:20 | Build | House |
| 20:21 | Create | Villager (Male) |
| 20:25 | Build | Farm |
| 20:25 | Build | Farm |
| 20:25 | Build | Farm |
| 20:25 | Build | Farm |
| 20:56 | Research | Forging |
| 21:06 | Build | House |
| 21:07 | Create | Villager (Male) |
| 21:11 | Build | Farm |
| 21:11 | Build | Farm |
| 21:12 | Build | Farm |
| 21:25 | Create | Villager (Male) |
| 21:45 | Build | House |
| 21:46 | Create | Villager (Male) |
| 22:04 | Build | Town Center |
| 22:17 | Create | Scout Cavalry |
| 22:17 | Create | Scout Cavalry |
| 22:28 | Create | Villager (Male) |
| 22:28 | Create | Villager (Male) |
| 22:29 | Create | Villager (Male) |
| 22:45 | Create | Villager (Male) |
| 22:47 | Build | Farm |
| 23:09 | Create | Villager (Male) |
| 23:09 | Create | Villager (Male) |
| 23:12 | Build | House |
| 23:34 | Research | Bow Saw |
| 23:34 | Create | Villager (Male) |
| 23:54 | Create | Villager (Male) |
| 23:54 | Create | Villager (Male) |
| 23:57 | Build | House |
| 24:08 | Research | Husbandry |
| 24:10 | Create | Villager (Male) |
| 24:10 | Create | Villager (Male) |
| 24:16 | Build | Farm |
| 24:17 | Build | Farm |
| 24:17 | Build | Farm |
| 24:17 | Build | Farm |
| 24:17 | Build | Farm |
| 24:18 | Build | Farm |
| 24:26 | Create | Villager (Male) |
| 24:26 | Create | Villager (Male) |
| 24:26 | Create | Villager (Male) |
| 24:29 | Build | House |
| 24:52 | Create | Villager (Male) |
| 24:53 | Create | Villager (Male) |
| 24:53 | Create | Villager (Male) |
| 24:59 | Build | Mill |
| 25:00 | Build | Farm |
| 25:00 | Build | Farm |
| 25:01 | Build | Farm |
| 25:01 | Build | Farm |
| 25:01 | Build | Farm |
| 25:24 | Build | House |
| 25:24 | Create | Villager (Male) |
| 25:25 | Create | Villager (Male) |
| 25:25 | Create | Villager (Male) |
| 25:38 | Create | Villager (Male) |
Build order — GreenBeret
First 150 of 379 actions detected
| 0:07 | Build | House |
| 0:10 | Build | House |
| 0:12 | Create | Villager (Male) |
| 0:12 | Create | Villager (Male) |
| 0:45 | Create | Villager (Male) |
| 0:46 | Create | Villager (Male) |
| 1:46 | Create | Villager (Male) |
| 1:46 | Create | Villager (Male) |
| 2:13 | Build | Lumber Camp |
| 2:14 | Create | Villager (Male) |
| 2:46 | Create | Villager (Male) |
| 2:46 | Create | Villager (Male) |
| 2:47 | Create | Villager (Male) |
| 3:18 | Create | Villager (Male) |
| 3:18 | Create | Villager (Male) |
| 3:43 | Create | Villager (Male) |
| 3:52 | Build | House |
| 3:54 | Build | House |
| 4:37 | Create | Villager (Male) |
| 4:37 | Create | Villager (Male) |
| 4:49 | Build | Mill |
| 4:51 | Create | Villager (Male) |
| 4:51 | Create | Villager (Male) |
| 5:19 | Create | Villager (Male) |
| 5:19 | Create | Villager (Male) |
| 5:46 | Create | Villager (Male) |
| 5:46 | Create | Villager (Male) |
| 5:46 | Create | Villager (Male) |
| 5:57 | Create | Villager (Male) |
| 5:58 | Create | Villager (Male) |
| 7:57 | Create | Villager (Male) |
| 8:01 | Build | Farm |
| 8:04 | Create | Villager (Male) |
| 8:30 | Build | Farm |
| 8:36 | Build | Mining Camp |
| 8:51 | Research | Feudal Age |
| 10:14 | Create | Villager (Male) |
| 10:15 | Create | Villager (Male) |
| 10:23 | Build | House |
| 11:01 | Age | Feudal Age |
| 11:05 | Build | Market |
| 11:12 | Build | Blacksmith |
| 12:00 | Research | Castle Age |
| 12:10 | Build | Farm |
| 12:17 | Build | Barracks |
| 12:37 | Build | Farm |
| 12:50 | Build | Farm |
| 13:09 | Build | House |
| 13:12 | Research | Double-Bit Axe |
| 13:14 | Research | Horse Collar |
| 13:48 | Create | Villager (Male) |
| 13:53 | Build | Stable |
| 14:21 | Build | Farm |
| 14:23 | Build | Farm |
| 14:36 | Research | Forging |
| 14:40 | Age | Castle Age |
| 15:06 | Build | Monastery |
| 15:08 | Create | Villager (Male) |
| 15:18 | Build | Farm |
| 15:23 | Build | Farm |
| 15:34 | Build | Farm |
| 15:35 | Create | Villager (Male) |
| 15:47 | Build | Farm |
| 15:56 | Build | Farm |
| 15:59 | Create | Scout Cavalry |
| 16:03 | Create | Monk |
| 16:12 | Build | Farm |
| 16:17 | Build | Farm |
| 16:18 | Create | Villager (Male) |
| 16:33 | Build | Farm |
| 16:46 | Create | Villager (Male) |
| 16:50 | Build | Farm |
| 16:53 | Create | Scout Cavalry |
| 17:04 | Create | Monk |
| 17:13 | Build | House |
| 17:17 | Create | Villager (Male) |
| 17:41 | Create | Scout Cavalry |
| 17:48 | Build | Farm |
| 18:14 | Build | House |
| 18:16 | Build | House |
| 18:17 | Create | Villager (Male) |
| 18:25 | Build | Farm |
| 18:35 | Research | Light Cavalry (upgrade) |
| 18:56 | Research | Scale Barding Armor |
| 18:59 | Create | Villager (Male) |
| 18:59 | Create | Villager (Male) |
| 19:23 | Create | Villager (Male) |
| 19:31 | Build | Town Center |
| 19:35 | Build | House |
| 19:37 | Build | House |
| 19:55 | Create | Villager (Male) |
| 19:58 | Create | Scout Cavalry |
| 20:16 | Create | Villager (Male) |
| 20:50 | Create | Villager (Male) |
| 20:50 | Create | Villager (Male) |
| 20:54 | Build | Farm |
| 20:56 | Build | Farm |
| 21:00 | Build | Farm |
| 21:03 | Build | Farm |
| 21:12 | Create | Villager (Male) |
| 21:12 | Create | Villager (Male) |
| 21:20 | Build | Farm |
| 21:21 | Build | Farm |
| 21:21 | Build | Farm |
| 21:21 | Build | Farm |
| 21:22 | Build | Farm |
| 21:36 | Build | Farm |
| 21:53 | Create | Monk |
| 22:01 | Create | Villager (Male) |
| 22:02 | Create | Villager (Male) |
| 22:02 | Create | Villager (Male) |
| 22:02 | Create | Villager (Male) |
| 22:19 | Build | House |
| 22:21 | Build | House |
| 22:23 | Build | House |
| 22:28 | Build | Farm |
| 22:31 | Build | Farm |
| 22:36 | Create | Villager (Male) |
| 22:36 | Create | Villager (Male) |
| 22:53 | Create | Villager (Male) |
| 22:53 | Create | Villager (Male) |
| 23:00 | Build | House |
| 23:03 | Build | House |
| 23:05 | Create | Villager (Male) |
| 23:08 | Build | Farm |
| 23:28 | Build | Farm |
| 23:29 | Build | Farm |
| 23:29 | Build | Farm |
| 23:29 | Build | Farm |
| 23:30 | Build | Farm |
| 23:36 | Build | House |
| 23:42 | Create | Monk |
| 23:52 | Create | Villager (Male) |
| 23:52 | Create | Villager (Male) |
| 23:52 | Create | Villager (Male) |
| 24:15 | Build | Town Center |
| 24:25 | Create | Villager (Male) |
| 24:25 | Create | Villager (Male) |
| 24:38 | Build | Mining Camp |
| 24:39 | Create | Villager (Male) |
| 24:39 | Create | Villager (Male) |
| 24:44 | Build | House |
| 24:46 | Build | House |
| 25:05 | Create | Villager (Male) |
| 25:06 | Create | Villager (Male) |
| 25:22 | Research | Wheelbarrow |
| 25:38 | Create | Villager (Male) |
| 25:38 | Create | Villager (Male) |
| 25:52 | Create | Villager (Male) |
| 26:08 | Build | Farm |
Match timeline
| 3:28 | VIT | Hera · wall_segment Palisade Wall x3 |
| 4:23 | VIT | Hera · wall_segment Palisade Wall x4 |
| 4:32 | VIT | Hera · wall_segment Palisade Wall x1 |
| 4:34 | VIT | Hera · wall_segment Palisade Wall x1 |
| 4:35 | VIT | Hera · wall_segment Palisade Wall x1 |
| 4:43 | VIT | Hera · wall_segment Palisade Wall x1 |
| 4:46 | VIT | Hera · wall_segment Palisade Wall x1 |
| 4:46 | VIT | Hera · wall_segment Palisade Wall x1 |
| 4:47 | VIT | Hera · wall_segment Palisade Wall x1 |
| 9:30 | mark_aoe_2024 · first_building Barracks |
| 10:13 | Unbreakable · age_up feudal |
| 10:29 | Danabro · first_building Barracks |
| 10:38 | Onkel Peter · first_building Barracks |
| 10:49 | Onkel Peter · age_up feudal |
| 11:01 | GreenBeret · age_up feudal |
| 11:03 | Danabro · age_up feudal |
| 11:20 | VIT | Hera · age_up feudal |
| 11:22 | JM-POL · age_up feudal |
| 11:23 | mark_aoe_2024 · age_up feudal |
| 11:34 | Danabro · first_building Stable |
| 11:43 | mark_aoe_2024 · first_building Archery Range |
| 11:58 | FAILEDFEMBOY · age_up feudal |
| 12:13 | Danabro · first_market_sell 100 stone |
| 12:14 | Danabro · first_market_buy 100 food |
| 12:17 | GreenBeret · first_building Barracks |
| 13:53 | GreenBeret · first_building Stable |
| 14:21 | Unbreakable · age_up castle |
| 14:40 | GreenBeret · age_up castle |
| 14:50 | VIT | Hera · age_up castle |
| 14:54 | JM-POL · age_up castle |
| 14:59 | Danabro · age_up castle |
| 15:06 | GreenBeret · first_building Monastery |
| 15:35 | Onkel Peter · first_building Stable |
| 15:37 | Danabro · first_building Monastery |
| 16:15 | mark_aoe_2024 · age_up castle |
| 16:25 | VIT | Hera · first_market_buy 100 food |
| 16:42 | FAILEDFEMBOY · age_up castle |
| 16:46 | FAILEDFEMBOY · first_building Siege Workshop |
| 19:15 | FAILEDFEMBOY · first_market_sell 100 wood |
| 19:34 | Onkel Peter · age_up castle |
| 19:39 | Unbreakable · first_building Barracks |
| 20:01 | mark_aoe_2024 · first_building Stable |
| 20:29 | FAILEDFEMBOY · first_building Castle |
| 20:46 | Unbreakable · first_market_buy 100 food |
| 21:33 | VIT | Hera · first_building Monastery |
| 21:48 | Unbreakable · first_building Monastery |
| 22:01 | Onkel Peter · first_building Monastery |
| 22:15 | JM-POL · first_building Monastery |
| 23:23 | mark_aoe_2024 · first_building Castle |
| 23:42 | JM-POL · first_building Barracks |
| 24:02 | GreenBeret · first_market_sell 100 food |
| 24:09 | GreenBeret · first_market_buy 100 wood |
| 24:27 | VIT | Hera · first_market_sell 100 food |
| 24:32 | VIT | Hera · first_building Barracks |
| 25:10 | VIT | Hera · first_building Archery Range |
| 25:12 | Unbreakable · first_building Stable |
| 25:52 | JM-POL · wall_segment Palisade Wall x1 |
| 26:19 | JM-POL · age_up imperial |
| 26:27 | JM-POL · first_market_buy 100 wood |
| 26:51 | FAILEDFEMBOY · first_building Barracks |
| 27:19 | VIT | Hera · first_building Castle |
| 27:48 | JM-POL · wall_segment Stone Wall x1 |
| 27:56 | VIT | Hera · first_building Siege Workshop |
| 28:02 | FAILEDFEMBOY · first_building Stable |
| 28:03 | JM-POL · wall_segment Stone Wall x1 |
| 28:03 | GreenBeret · wall_segment Stone Wall x10 |
| 28:07 | GreenBeret · wall_segment Stone Wall x12 |
| 28:09 | VIT | Hera · age_up imperial |
| 28:15 | GreenBeret · wall_segment Stone Wall x7 |
| 28:52 | GreenBeret · first_building Archery Range |
| 29:15 | GreenBeret · wall_segment Stone Wall x8 |
| 29:27 | JM-POL · first_building Castle |
| 29:47 | FAILEDFEMBOY · age_up imperial |
| 29:49 | Unbreakable · first_building Castle |
| 29:59 | Unbreakable · age_up imperial |
| 30:15 | Onkel Peter · age_up imperial |
| 30:26 | mark_aoe_2024 · age_up imperial |
| 30:32 | GreenBeret · first_building Siege Workshop |
| 32:10 | Danabro · first_building Castle |
| 32:28 | Danabro · age_up imperial |
| 32:31 | GreenBeret · first_building Castle |
| 32:50 | GreenBeret · age_up imperial |
| 33:01 | Onkel Peter · first_building Castle |
| 33:09 | Danabro · wall_segment Stone Wall x8 |
| 33:22 | Onkel Peter · wall_segment Stone Wall x5 |
| 33:23 | Unbreakable · first_building Archery Range |
| 35:30 | Unbreakable · tribute_sent a jugador 1 |
| 35:30 | Unbreakable · tribute_sent a jugador 3 |
| 35:30 | Unbreakable · tribute_sent a jugador 4 |
| 35:30 | Unbreakable · tribute_sent a jugador 5 |
| 35:30 | Unbreakable · tribute_sent a jugador 6 |
| 35:30 | Unbreakable · tribute_sent a jugador 7 |
| 35:30 | Unbreakable · tribute_sent a jugador 8 |
| 36:41 | VIT | Hera · tribute_sent a jugador 1 |
| 36:41 | VIT | Hera · tribute_sent a jugador 2 |
| 36:41 | VIT | Hera · tribute_sent a jugador 3 |
| 36:41 | VIT | Hera · tribute_sent a jugador 5 |
| 36:41 | VIT | Hera · tribute_sent a jugador 6 |
| 36:41 | VIT | Hera · tribute_sent a jugador 7 |
| 36:41 | VIT | Hera · tribute_sent a jugador 8 |
| 37:26 | JM-POL · first_building Archery Range |
| 37:40 | GreenBeret · tribute_sent a jugador 1 |
| 37:40 | GreenBeret · tribute_sent a jugador 2 |
| 37:40 | GreenBeret · tribute_sent a jugador 3 |
| 37:40 | GreenBeret · tribute_sent a jugador 4 |
| 37:40 | GreenBeret · tribute_sent a jugador 5 |
| 37:40 | GreenBeret · tribute_sent a jugador 6 |
| 37:40 | GreenBeret · tribute_sent a jugador 7 |
| 40:42 | FAILEDFEMBOY · first_market_buy 100 stone |
| 40:42 | mark_aoe_2024 · resign |
[ AI ANALYSIS · 1 CREDIT ]
What really happened in this match?
Wolo.gg analyzes every decision: build order, eco, micro, common mistakes by bracket. Personalized analysis on WhatsApp or Discord in 30 seconds.
Civ guide
Persians
Perfil
Jugador #899756